 Dungeon Crawl Stone Soup version 0.19.5 (webtiles) character file.

39465 Monsterracer the Bludgeoner (level 14, -2/153 HPs)
             Began as an Ogre Hunter on Apr 29, 2017.
             Was the Champion of Okawaru.
             Slain by a manticore (7 damage)
             ... on level 6 of the Lair of Beasts.
             The game lasted 01:26:25 (26220 turns).

Monsterracer the Bludgeoner (Ogre Hunter)          Turns: 26220, Time: 01:26:26

Health: -2/153     AC: 10    Str: 27    XL:     14   Next: 6%
Magic:  13/18      EV: 14    Int: 10    God:    Okawaru [******]
Gold:   575        SH:  0    Dex: 10    Spells: 0 memorised, 13 levels left

rFire  . . .     SeeInvis .     F - +2 giant spiked club (freeze)
rCold  . . .     Gourm    .     u - +0 troll leather armour
rNeg   . . .     Faith    +     (shield currently unavailable)
rPois  .         Spirit   .     (helmet restricted)
rElec  .         Reflect  .     I - +2 cloak
rCorr  .         Harm     .     (gloves unavailable)
MR     +....                    (boots unavailable)
Stlth  +++.......               G - amulet of faith
                                i - +3 ring of strength
                                n - ring of flight

@: about to teleport, heroism, finesse, barbed spikes, flying (expiring)
A: unfitting armour, tough skin 1
a: Heroism, Finesse, Renounce Religion, Stop Flying


You were on level 6 of the Lair of Beasts.
You worshipped Okawaru.
Okawaru was exalted by your worship.
You were hungry.

You visited 3 branches of the dungeon, and saw 17 of its levels.

You collected 800 gold pieces.
You spent 225 gold pieces at shops.

Inventory:

Hand Weapons
 F - a +2 giant spiked club of freezing (weapon)
Missiles
 c - 8 large rocks
 g - 286 stones (quivered)
 p - 9 javelins
 q - 23 tomahawks
 x - 2 tomahawks of dispersal
 K - a throwing net
 O - 6 steel tomahawks
 P - 2 exploding tomahawks
Armour
 u - a +0 troll leather armour (worn)
 z - a +2 robe of fire resistance
 I - a +2 cloak (worn)
Jewellery
 i - a +3 ring of strength (right hand)
 n - a ring of flight (left hand)
 r - an uncursed ring of fire
 B - an uncursed ring of ice
 G - an amulet of faith (around neck)
 J - an uncursed amulet of magic regeneration
Wands
 d - a wand of hasting (7/9)
 w - a wand of paralysis (12/24)
 y - a wand of acid (7/15)
Scrolls
 a - 8 scrolls of teleportation
 e - 7 scrolls of remove curse
 k - 5 scrolls of amnesia
 l - 2 scrolls of magic mapping
 m - 15 scrolls of identify
 A - a scroll of recharging
 C - 5 scrolls of fear
 Q - a scroll of blinking
Potions
 h - a potion of magic
 o - 2 potions of curing
 t - a potion of berserk rage
 D - 2 potions of cancellation
 E - 3 potions of heal wounds
 H - 2 potions of brilliance
 N - a potion of mutation
Comestibles
 b - 5 fruits
 f - 11 bread rations
 j - 6 meat rations
 s - a slice of pizza
 v - 10 beef jerkies


   Skills:
 + Level 13.1(18.1) Fighting
 * Level 20.3(25.3) Maces & Flails
 - Level 10.0(15.0) Throwing
 + Level 4.3(9.3) Armour
 + Level 5.4(10.4) Dodging
 - Level 0.6(5.6) Stealth
 - Level 6.0 Invocations


You had 13 spell levels left.
You didn't know any spells.

Dungeon Overview and Level Annotations

Branches:
Dungeon (10/15)            Temple (1/1) D:6            Lair (6/6) D:9
  Swamp (0/4) Lair:3        Snake (0/4) Lair:2        Slime (0/5) Lair:5
    Orc (0/2) D:10

Altars:
Ashenzari
Cheibriados
Dithmenos
Elyvilon
Fedhas
Gozag
Hepliaklqana
Kikubaaqudgha
Makhleb
Nemelex Xobeh
Okawaru
Qazlal
Ru
Sif Muna
Trog
Uskayaw
Vehumet
Xom
Yredelemnul
Zin
The Shining One

Shops:
D:5 (   D:8 (   D:9 =


Innate Abilities, Weirdness & Mutations

You are too large for most types of armour.
You have tough skin. (AC +1)


Message History

The manticore barely misses you. x3; The water moccasin barely misses you.
Unknown command.
Okay, then.
The polar bear closely misses you. x3; The sea snake bites you!
* * * LOW HITPOINT WARNING * * *
The water moccasin barely misses you. The manticore barely misses you.
The manticore closely misses you. The manticore misses you.
Unknown command.
You feel much better. The polar bear bites you!
* * * LOW HITPOINT WARNING * * *
The polar bear claws you.
* * * LOW HITPOINT WARNING * * *
The polar bear barely misses you.
The water moccasin bites you but does no damage.
The sea snake closely misses you. The elephant tramples you!
* * * LOW HITPOINT WARNING * * *
You are shoved backwards!
The manticore bites you!
* * * LOW HITPOINT WARNING * * *
The manticore claws you!
You die...

...#.†≈#P≈#
.####≈≈≈≈≈#≈≈≈≈P≈≈≈≈≈≈
###.#.≈≈≈≈#≈≈PP:}(/≈≈# .
......#≈≈≈#≈≈≈≈)≈≈=≈≈ ≈.
.#.#..##≈≈#PP≈≈/≈≈:≈#≈≈.
#. ##.≈≈≈≈#≈≈≈≈()!$≈≈#≈.
# ###†≈≈≈≈#≈≈≈≈H≈≈≈≈≈≈≈#
###...#≈≈P#≈≈≈SH#≈≈≈≈≈≈#
......##≈≈#8≈≈≈Y@≈≈≈≈≈8#
.##...≈≈≈≈#####hS#######
#..≈≈P≈≈#8≈≈(≈≈≈≈≈≈P8
##.≈##≈≈#≈≈≈†#≈≈P≈≈≈≈
#.≈##≈≈#≈††≈≈≈≈≈≈≈≈≈
#.#≈†≈P≈##†≈P#≈≈#≈≈≈#
###.≈≈≈≈†(((≈≈≈≈≈≈≈≈P
......#≈≈)≈#≈P##≈≈≈#P≈#
.<.#..#≈≈≈##≈≈# ≈≈#≈≈≈#


You could see an elephant, a sea snake, a manticore, a polar bear, a harpy and a
water moccasin.

Vanquished Creatures
  Kirke (Lair:5)
  Harold (Lair:3)
  6 hydras
  Erica (Lair:2)
  Fannar (Lair:2)
  A merfolk avatar (Lair:6)
  2 sea snakes (Lair:6)
  3 elephants (Lair:6)
  A black mamba (Lair:3)
  Joseph (D:10)
  15 spiny frogs
  3 rime drakes
  8 komodo dragons
  2 trolls (D:10)
  2 polar bears
  2 tyrant leeches (Lair:3)
  The ghost of Wilfredo the Covered, an amateur HuFi (D:3)
  3 hornets (Lair:6)
  Prince Ribbit (D:6)
  2 hippogriffs
  2 two-headed ogres
  12 blink frogs
  A basilisk (Lair:5)
  29 yaks
  2 hungry ghosts
  Eustachio (D:4)
  A steam dragon (D:10)
  Menkaure (D:7)
  2 hogs
  A swamp worm (Lair:3)
  Edmund (D:4)
  4 nagas (Lair:2)
  11 porcupines
  16 water moccasins
  4 ice beasts
  4 sky beasts
  4 orc warriors
  4 phantoms
  4 ogres
  6 wolves (Lair:4)
  A centaur (D:9)
  12 crocodiles
  Blork the orc (D:4)
  15 bullfrogs
  A wyvern zombie (D:9)
  A wyvern skeleton (D:10)
  5 scorpions
  9 killer bees
  3 wights (D:9)
  2 howler monkeys
  2 electric eels (D:9)
  8 crimson imps
  2 bullfrog zombies
  A quasit (D:10)
  2 gnoll shamans
  7 hounds
  8 jellies
  8 orc wizards
  A bullfrog skeleton (D:5)
  5 orc priests
  2 iguanas
  Natasha (thrice) (D:4)
  8 worker ants
  A hound zombie (D:5)
  2 worker ant zombies
  8 gnolls
  10 adders
  A shadow imp (D:7)
  2 oozes (Lair:5)
  An adder skeleton (D:7)
  3 worms
  2 dart slugs
  6 leopard geckos
  56 orcs
  6 bats
  8 giant cockroaches
  8 hobgoblins
  2 jackals (D:10)
  4 quokkas
  2 ball pythons
  8 frilled lizards
  A giant cockroach zombie (D:5)
  8 goblins
  A jackal skeleton (D:4)
  3 kobolds
  A leopard gecko skeleton (D:5)
  6 rats
  A fungus (Lair:1)
  A plant (Lair:2)
426 creatures vanquished.

Vanquished Creatures (others)
  A human (Lair:6)
  7 fungi
  3 plants
11 creatures vanquished.

Grand Total: 437 creatures vanquished

Notes
Turn   | Place    | Note
-------+----------+-------------------------------------------
     0 | D:1      | Monsterracer the Ogre Hunter began the quest for the Orb.
     0 | D:1      | Reached XP level 1. HP: 22/22 MP: 1/1
   319 | D:1      | Reached skill level 1 in Maces & Flails
   354 | D:1      | Reached XP level 2. HP: 29/29 MP: 2/2
  1167 | D:2      | Reached skill level 2 in Maces & Flails
  1337 | D:2      | Reached XP level 3. HP: 30/37 MP: 3/3
  1397 | D:2      | Gained mutation: You are frail. (-10% HP) [potion of mutation]
  1397 | D:2      | Gained mutation: You are partially covered in icy blue scales. (AC +2) [potion of mutation]
  1769 | D:2      | Reached skill level 3 in Maces & Flails
  2708 | D:3      | Reached XP level 4. HP: 21/40 MP: 4/4
  3182 | D:3      | Reached skill level 4 in Maces & Flails
  3425 | D:3      | HP: 2/40 [orc wizard/puff of frost (3)]
  3429 | D:3      | Reached XP level 5. HP: 14/47 MP: 5/5
  4189 | D:3      | Reached skill level 5 in Maces & Flails
  4189 | D:3      | Reached skill level 5 in Throwing
  4211 | D:4      | Noticed Eustachio
  4286 | D:3      | Noticed Wilfredo's ghost (amateur HuFi)
  5026 | D:2      | Reached XP level 6. HP: 32/55 MP: 6/6
  5653 | D:4      | Killed Eustachio
  5653 | D:4      | Reached skill level 6 in Maces & Flails
  5897 | D:4      | Noticed a phantom
  5914 | D:4      | Reached XP level 7. HP: 34/63 MP: 7/7
  6518 | D:4      | Noticed Blork the orc
  6541 | D:4      | Killed Blork the orc
  6541 | D:4      | Reached skill level 5 in Fighting
  6541 | D:4      | Reached skill level 7 in Maces & Flails
  6883 | D:4      | Noticed Natasha
  6888 | D:4      | Killed Natasha
  7186 | D:4      | Noticed Natasha
  7204 | D:4      | Killed Natasha
  7361 | D:4      | Noticed Edmund
  7375 | D:4      | Killed Edmund
  7375 | D:4      | Reached XP level 8. HP: 36/72 MP: 8/8
  7441 | D:4      | Noticed Natasha
  7451 | D:4      | Killed Natasha
  7671 | D:5      | Entered Level 5 of the Dungeon
  7688 | D:4      | Reached skill level 8 in Maces & Flails
  8394 | D:5      | Reached skill level 9 in Maces & Flails
  9149 | D:5      | Found Feimp's Antique Weapon Boutique.
  9900 | D:6      | Reached XP level 9. HP: 83/83 MP: 9/9
  9935 | D:6      | Noticed Prince Ribbit
  9967 | D:6      | Found a staircase to the Ecumenical Temple.
 10071 | Temple   | Entered the Ecumenical Temple
 10099 | Temple   | Became a worshipper of Warmaster Okawaru
 10504 | D:5      | Bought a shimmering whip for 225 gold pieces
 10504 | D:5      | Identified the +6 whip "Quum" {freeze, rF+ Int+2 Dex+2} (You bought it in a shop on level 5 of the Dungeon)
 10569 | D:6      | Lost mutation: You are frail. (-10% HP) [potion of cure mutation]
 10569 | D:6      | Lost mutation: You are partially covered in icy blue scales. (AC +2) [potion of cure mutation]
 10784 | D:6      | Reached skill level 10 in Maces & Flails
 10799 | D:6      | Killed Prince Ribbit
 10799 | D:6      | Reached skill level 1 in Invocations
 10845 | D:6      | You fall through a shaft for 2 floors!
 11132 | D:7      | Noticed Menkaure
 11139 | D:7      | Killed Menkaure
 11139 | D:7      | Reached * piety under Okawaru
 11578 | D:7      | Reached skill level 11 in Maces & Flails
 13019 | D:3      | Killed Wilfredo's ghost
 13019 | D:3      | Reached XP level 10. HP: 46/106 MP: 10/12
 13384 | D:8      | Reached ** piety under Okawaru
 14196 | D:8      | Found Vonasycs's Weapon Shop.
 14407 | D:9      | Found Uxzimi's Jewellery Boutique.
 14448 | D:9      | Found a staircase to the Lair.
 14457 | D:9      | Reached skill level 12 in Maces & Flails
 14989 | D:9      | Reached skill level 10 in Fighting
 15493 | D:9      | Reached *** piety under Okawaru
 16056 | D:10     | Entered Level 10 of the Dungeon
 16208 | D:10     | Found a staircase to the Orcish Mines.
 16315 | D:10     | Reached skill level 5 in Invocations
 17188 | D:10     | Received a gift from Okawaru
 17188 | D:10     | Reached XP level 11. HP: 107/119 MP: 11/14
 17580 | D:10     | Reached skill level 13 in Maces & Flails
 17792 | D:10     | Reached **** piety under Okawaru
 17802 | D:10     | HP: 2/120 [steam dragon/ball of steam (18)]
 18000 | D:10     | Noticed Joseph
 18008 | D:10     | Killed Joseph
 18346 | Lair:1   | Entered Level 1 of the Lair of Beasts
 18471 | Lair:1   | Reached ***** piety under Okawaru
 18474 | Lair:1   | Reached skill level 14 in Maces & Flails
 18562 | Lair:1   | HP: 5/120 [water moccasin (7)]
 18842 | Lair:1   | Reached skill level 15 in Maces & Flails
 19564 | Lair:1   | Reached skill level 16 in Maces & Flails
 19853 | Lair:2   | Received a gift from Okawaru
 19853 | Lair:2   | Reached XP level 12. HP: 130/130 MP: 15/15
 20030 | Lair:2   | Noticed a six-headed hydra
 20040 | Lair:2   | Killed a six-headed hydra
 20116 | Lair:2   | Noticed Erica
 20126 | Lair:2   | Killed Erica
 20126 | Lair:2   | Reached skill level 17 in Maces & Flails
 20347 | Lair:2   | Reached ****** piety under Okawaru
 20348 | Lair:2   | Found a staircase to the Snake Pit.
 20783 | Lair:2   | Noticed Fannar
 20799 | Lair:2   | Killed Fannar
 21554 | Lair:2   | Reached skill level 18 in Maces & Flails
 22569 | Lair:3   | Noticed a four-headed hydra
 22577 | Lair:3   | Killed a four-headed hydra
 22659 | Lair:3   | Received a gift from Okawaru
 22858 | Lair:3   | Found a staircase to the Swamp.
 23127 | Lair:3   | Noticed Harold
 23144 | Lair:3   | Killed Harold
 23273 | Lair:3   | Reached skill level 5 in Dodging
 23326 | Lair:3   | Noticed a six-headed hydra
 23334 | Lair:3   | Killed a six-headed hydra
 23334 | Lair:3   | Reached skill level 1 in Armour
 23334 | Lair:3   | Reached XP level 13. HP: 132/137 MP: 14/17
 23395 | Lair:3   | Reached skill level 19 in Maces & Flails
 23632 | Lair:4   | Received a gift from Okawaru
 24825 | Lair:4   | Reached skill level 10 in Throwing
 24898 | Lair:5   | Found a staircase to the Slime Pits.
 24990 | Lair:5   | Received a gift from Okawaru
 25262 | Lair:5   | Received a gift from Okawaru
 25639 | Lair:6   | Entered Level 6 of the Lair of Beasts
 25643 | Lair:6   | Noticed Kirke
 25764 | Lair:5   | Killed Kirke
 25924 | Lair:6   | Paralysed by a hornet for 1 turns
 25932 | Lair:6   | Received a gift from Okawaru
 26109 | Lair:6   | Reached skill level 20 in Maces & Flails
 26156 | Lair:6   | Received a gift from Okawaru
 26200 | Lair:6   | Reached XP level 14. HP: 85/153 MP: 10/18
 26220 | Lair:6   | HP: 5/153 [manticore (10)]
 26220 | Lair:6   | Slain by a manticore

Skill      XL: |  1  2  3  4  5  6  7  8  9 10 11 12 13 |
---------------+----------------------------------------+-----
Maces & Flails | 1 2 3 4 5 6 7 9 11 12 16 18 20 | 20.3
Fighting       | 3 4 5 7 8 10 11 13 | 13.1
Dodging        | 2 3 4 5 |  5.4
Throwing       | 5 6 7 8 9 10 | 10.0
Invocations    | 3 5 6 |  6.0
Armour         | 1 4 |  4.3
Stealth        | |  0.6

Action                   |  1- 3 |  4- 6 |  7- 9 | 10-12 | 13-15 || total
-------------------------+-------+-------+-------+-------+-------++-------
Melee: Club              |     6 |       |       |       |       ||     6
       Unarmed           |     4 |       |       |       |    13 ||    17
       Whip              |   123 |    48 |   152 |    79 |       ||   402
       Flail             |       |   120 |   186 |       |       ||   306
       Giant club        |       |       |    43 |    34 |       ||    77
       Punch             |       |       |     2 |       |       ||     2
       Giant spiked club |       |       |       |   413 |    63 ||   476
       Great mace        |       |       |       |       |   157 ||   157
Throw: Stone             |    75 |    83 |   250 |   553 |   162 ||  1123
       Large rock        |     5 |     7 |     3 |       |       ||    15
       Tomahawk          |       |     3 |       |       |       ||     3
       Throwing net      |       |     4 |     7 |       |       ||    11
       Javelin           |       |     1 |       |       |       ||     1
Invok: Heroism           |       |       |     2 |    21 |     9 ||    32
       Finesse           |       |       |       |       |     3 ||     3
 Abil: Evoke Flight      |       |       |       |       |     1 ||     1
  Use: Potion            |     4 |     2 |     6 |     5 |     2 ||    19
       Scroll            |     3 |     4 |     9 |     6 |     4 ||    26
 Stab: Sleeping          |     2 |       |       |     1 |       ||     3
       Held in net/web   |       |     2 |     1 |       |       ||     3
  Eat: Chunk             |     5 |     7 |    19 |    24 |     7 ||    62
       Meat ration       |       |     1 |       |     1 |       ||     2
       Bread ration      |       |       |     1 |       |       ||     1
       Pizza             |       |       |       |     1 |       ||     1
       Royal jelly       |       |       |       |     1 |       ||     1
       Fruit             |       |       |       |       |     2 ||     2
Armor: Robe              |    39 |    83 |    87 |    38 |       ||   247
       Troll leather arm |       |       |       |    52 |    69 ||   121
Dodge: Dodged            |    63 |   123 |   141 |   249 |   124 ||   700
Block: Other             |       |       |       |     5 |       ||     5
       Reflection        |       |       |       |     1 |       ||     1
